 Dungeon Crawl Stone Soup version 0.24.0-37-gcf1ca852f1 (webtiles) character file.

Game seed: 8185918604187630422, levelgen mode: deterministic

172 Brecoman the Insei (level 5, 0/41 HPs)
             Began as a Gnoll Transmuter on Nov 24, 2019.
             Killed from afar by an orc wizard (6 damage)
             ... with a magic dart
             ... on level 4 of the Dungeon.
             The game lasted 00:07:36 (2952 turns).

Brecoman the Insei (Gnoll Transmuter)               Turns: 2952, Time: 00:07:36

Health: 0/41       AC:  3    Str: 12    XL:     5   Next: 53%
Magic:  9/12       EV: 14    Int: 17    God:
Gold:   173        SH:  0    Dex: 15    Spells: 11/14 levels left

rFire    . . .     SeeInvis .     - Unarmed
rCold    . . .     Gourm    .   (no shield)
rNeg     . . .     Faith    .   j - +0 leather armour
rPois    .         Spirit   .   (no helmet)
rElec    .         Reflect  .   (no cloak)
rCorr    .         Harm     .   (no gloves)
MR       .....                  (boots currently unavailable)
Stlth    ++........             (no amulet)
HPRegen  0.13/turn              (no ring)
MPRegen  0.13/turn              (no ring)

@: appendage, slowed, very slow
A: distributed training, fangs 1, talons 3, strong nose
a: End Transformation


You were on level 4 of the Dungeon.
You were not hungry.
You had grown temporary talons.
You visited 1 branch of the dungeon, and saw 4 of its levels.

You collected 173 gold pieces.

Inventory:

Missiles
 a - 93 arrows
 i - 226 stones
 y - 4 boomerangs (quivered)
Armour
 b - a +0 robe
 j - a +0 leather armour (worn)
Jewellery
 p - an uncursed ring of wizardry {unknown}
 q - an uncursed ring of ice {unknown}
 r - a +1 ring of evasion {unknown}
 w - a cursed ring of attention {unknown}
Scrolls
 c - a scroll of fear {unknown}
 g - 2 scrolls of enchant weapon {unknown}
 h - a scroll of noise {unknown}
 l - 5 scrolls of remove curse {unknown}
 n - 3 scrolls of identify {unknown}
 x - 4 scrolls of teleportation {unknown}
 z - a scroll of magic mapping {unknown}
Potions
 e - 2 potions of magic {unknown}
 f - a potion of berserk rage {unknown}
 k - a potion of mutation {unknown}
 m - 2 potions of degeneration {unknown}
 o - 2 potions of curing {unknown}
 s - a potion of heal wounds {unknown}
 t - 2 potions of haste {unknown}
 u - a potion of brilliance {unknown}
Comestibles
 d - 9 rations
 v - 2 chunks of flesh


   Skills:
 + Level 3.0 Fighting
 + Level 1.5 Short Blades
 + Level 1.5 Long Blades
 + Level 1.5 Axes
 + Level 1.5 Maces & Flails
 + Level 1.5 Polearms
 + Level 1.5 Staves
 + Level 1.5 Slings
 + Level 1.5 Bows
 + Level 1.5 Crossbows
 + Level 1.5 Throwing
 + Level 1.5 Armour
 + Level 4.8 Dodging
 + Level 1.5 Stealth
 + Level 1.5 Shields
 + Level 6.7 Unarmed Combat
 + Level 5.2 Spellcasting
 + Level 1.2 Conjurations
 + Level 1.2 Hexes
 + Level 1.2 Charms
 + Level 1.2 Summonings
 + Level 1.2 Necromancy
 + Level 1.2 Translocations
 + Level 4.0 Transmutations
 + Level 1.2 Fire Magic
 + Level 1.2 Ice Magic
 + Level 1.2 Air Magic
 + Level 1.2 Earth Magic
 + Level 1.2 Poison Magic
 + Level 1.7 Invocations
 + Level 1.5 Evocations


You had 11 spell levels left.
You knew the following spells:

 Your Spells              Type           Power        Failure   Level  Hunger
a - Beastly Appendage     Tmut           ###...       3%          1    None
b - Sticks to Snakes      Tmut           ###.....     5%          2    #......

Your spell library contained the following spells:

 Spells                   Type           Power        Failure   Level  Hunger
 Spider Form              Tmut/Pois      ##........   19%         3    ###....
 Ice Form                 Ice/Tmut       ##......     52%         4    ####...
 Blade Hands              Tmut           ###.......   67%         5    ######.


Dungeon Overview and Level Annotations

Branches:
Dungeon (4/15)
 Temple: D:4-7

Altars:


Innate Abilities, Weirdness & Mutations

Your experience applies equally to all skills.
You have very sharp teeth.
Your uncanny sense of smell can sniff out nearby items.
You have claws for feet.


Message History

Your ball python dies!
Throwing (i - inventory. (/) - cycle)
y - 4 boomerangs (quivered)
Press: ? - help, Shift-Dir - straight line, f - orc wizard
Aim: an orc wizard, wielding a +0 dagger and wearing a +0 robe (almost dead, fast)
You throw a boomerang.
The boomerang barely misses the orc wizard.
The orc throws a boomerang.
The boomerang closely misses you.
The weapon returns to the orc!
The orc wizard casts a spell at you.
You feel yourself slow down.
The orc throws a boomerang.
The weapon returns to the orc!
You hit the orc wizard but do no damage.
You claw the orc wizard.
You kill the orc wizard!
Your Fighting skill increases to level 3!
Your Transmutations skill increases to level 4!
You hear some strange, mumbled words.
A magic dart appears from out of thin air!
The magic dart hits you.
You die...

∆ ∆ ### #######.# ### .
#....#..## ######.# ....#.
.........#####....#.##.....( .
...##....#.#.....).....#...♣.♣
...#............@...#.# ......
.............(###.#o# #...♣.♣
...............####o## .......
................. #..##....#.♣
.......##..####...#...........
........##.# #.....###.###(##
...........# #..#..# ...
............ ## #... ....#
.....#..♣P... ..... o..##


You could see an orc.

Vanquished Creatures
  2 orc wizards
  Robin (D:2)
  2 adders (D:2)
  An ooze (D:1)
  2 dart slugs (D:3)
  4 leopard geckos
  5 orcs
  7 bats
  2 giant cockroaches
  11 goblins
  7 hobgoblins
  A jackal (D:2)
  7 kobolds
  A quokka (D:3)
  2 ball pythons
  4 frilled lizards
  10 rats
69 creatures vanquished.

Vanquished Creatures (collateral kills)
  A rat (D:3)
1 creature vanquished.

Grand Total: 70 creatures vanquished

Notes
Turn   | Place    | Note
-------+----------+-------------------------------------------
     0 | D:1      | Brecoman the Gnoll Transmuter began the quest for the Orb.
     0 | D:1      | Reached XP level 1. HP: 17/17 MP: 6/6
    56 | D:1      | Reached XP level 2. HP: 22/23 MP: 7/7
   326 | D:1      | Reached XP level 3. HP: 28/28 MP: 9/9
   419 | D:1      | Learned a level 2 spell: Sticks to Snakes
   517 | D:1      | Reached skill level 5 in Spellcasting
   990 | D:2      | Reached skill level 1 in Invocations
  1363 | D:2      | Reached skill level 1 in Short Blades
  1363 | D:2      | Reached skill level 1 in Long Blades
  1363 | D:2      | Reached skill level 1 in Axes
  1363 | D:2      | Reached skill level 1 in Maces & Flails
  1363 | D:2      | Reached skill level 1 in Polearms
  1363 | D:2      | Reached skill level 1 in Staves
  1363 | D:2      | Reached skill level 1 in Slings
  1363 | D:2      | Reached skill level 1 in Bows
  1363 | D:2      | Reached skill level 1 in Crossbows
  1363 | D:2      | Reached skill level 1 in Throwing
  1363 | D:2      | Reached skill level 1 in Armour
  1363 | D:2      | Reached skill level 1 in Stealth
  1363 | D:2      | Reached skill level 1 in Shields
  1363 | D:2      | Reached skill level 1 in Evocations
  1372 | D:2      | Reached XP level 4. HP: 31/34 MP: 8/11
  1574 | D:3      | Noticed Robin
  1803 | D:2      | Killed Robin
  2168 | D:3      | Reached skill level 1 in Conjurations
  2168 | D:3      | Reached skill level 1 in Hexes
  2168 | D:3      | Reached skill level 1 in Charms
  2168 | D:3      | Reached skill level 1 in Summonings
  2168 | D:3      | Reached skill level 1 in Necromancy
  2168 | D:3      | Reached skill level 1 in Translocations
  2168 | D:3      | Reached skill level 1 in Fire Magic
  2168 | D:3      | Reached skill level 1 in Ice Magic
  2168 | D:3      | Reached skill level 1 in Air Magic
  2168 | D:3      | Reached skill level 1 in Earth Magic
  2168 | D:3      | Reached skill level 1 in Poison Magic
  2168 | D:3      | Reached XP level 5. HP: 40/40 MP: 12/12
  2952 | D:4      | Killed from afar by an orc wizard

Levels and vault maps discovered:
D:1:      saegor_arrival_simple_a, layout_loops_ring, serial_bayou_crossing
D:2:      kennysheep_six_static_rooms, layout_loops_ring,
          small_statue_intersection
D:3:      layout_loops_ring, uniq_robin
D:4:      layout_cave_pools, serial_forest, infiniplex_forest_lined_room_2,
          infiniplex_forest_end_1, infiniplex_forest_lined_room_2,
          infiniplex_forest_straight_2, infiniplex_forest_clump_long,
          infiniplex_forest_straight_2, infiniplex_forest_lined_room_,
          first_ration, okawaru_trees_1, uniq_crazy_yiuf_cottage

Skill      XL: |  1  2  3  4  5 |
---------------+----------------+-----
Spellcasting   | 5 |  5.2
Invocations    | 1 |  1.7
Short Blades   | 1 |  1.5
Long Blades    | 1 |  1.5
Axes           | 1 |  1.5
Maces & Flails | 1 |  1.5
Polearms       | 1 |  1.5
Staves         | 1 |  1.5
Slings         | 1 |  1.5
Bows           | 1 |  1.5
Crossbows      | 1 |  1.5
Throwing       | 1 |  1.5
Armour         | 1 |  1.5
Stealth        | 1 |  1.5
Shields        | 1 |  1.5
Evocations     | 1 |  1.5
Conjurations   | 1 |  1.2
Hexes          | 1 |  1.2
Charms         | 1 |  1.2
Summonings     | 1 |  1.2
Necromancy     | 1 |  1.2
Translocations | 1 |  1.2
Fire Magic     | 1 |  1.2
Ice Magic      | 1 |  1.2
Air Magic      | 1 |  1.2
Earth Magic    | 1 |  1.2
Poison Magic   | 1 |  1.2
Fighting       | 3 |  3.0
Transmutations | 4 |  4.0
Dodging        | |  4.8
Unarmed Combat | |  6.7

Action                   |  1- 3 |  4- 6 || total
-------------------------+-------+-------++-------
Melee: Unarmed           |    83 |    70 ||   153
       Headbutt          |     4 |     3 ||     7
       Punch             |     4 |     1 ||     5
       Kick              |     3 |    10 ||    13
       Bite              |     8 |    10 ||    18
Throw: Boomerang         |       |     2 ||     2
 Cast: Beastly Appendage |    20 |    17 ||    37
       Sticks to Snakes  |     1 |     3 ||     4
 Stab: Sleeping          |     1 |     3 ||     4
  Eat: Chunk             |     1 |     5 ||     6
Armor: Robe              |     5 |       ||     5
       Leather armour    |     8 |    13 ||    21
Dodge: Dodged            |    46 |    43 ||    89
